 Dungeon Crawl Stone Soup version 0.29.1-1-gd02db6906a (webtiles) character file.

Game seed: 7435345957128934015

36 Sanktem7 the Trooper (level 3, -5/34 HPs)
             Began as a Minotaur Fighter on Oct 2, 2022.
             Slain by Sigmund
             ... wielding a +0 scythe of protection
              (8 damage)
             ... on level 2 of the Dungeon.
             The game lasted 00:01:23 (1282 turns).

Sanktem7 the Trooper (Minotaur Fighter)             Turns: 1282, Time: 00:01:24

Health: -5/34      AC:  8    Str: 22    XL:     3   Next: 19%
Magic:  2/2        EV:  9    Int:  5    God:
Gold:   54         SH:  4    Dex:  9    Spells: 2/2 levels left

rFire   . . .      SeeInvis .   a - +0 war axe {axe}
rCold   . . .      Faith    .   c - +0 buckler
rNeg    . . .      Spirit   .   b - +0 scale mail
rPois   .          Reflect  .   (helmet restricted)
rElec   .          Harm     .   (no cloak)
rCorr   .          Rampage  .   e - +0 pair of gloves
Will    .....                   (no boots)
Stlth   ..........              g - amulet of magic regeneration {@e2}
HPRegen 0.11/turn               (no ring)
MPRegen 0.48/turn               (no ring)

@: no status effects
A: horns 2, retaliatory headbutt
a: no special abilities


You were on level 2 of the Dungeon.
You visited 1 branch of the dungeon, and saw 2 of its levels.

You collected 54 gold pieces.


Innate Abilities, Weirdness & Mutations

You have a pair of horns on your head.
You reflexively headbutt those who attack you in melee.


   Skills:
 * Level 4.5 Fighting
 * Level 3.6 Axes
 - Level 3.6 Armour
 - Level 3.6 Shields


You had 2 spell levels left.
You didn't know any spells.
Your spell library was empty.

Inventory:

Hand Weapons
 a - a +0 war axe (weapon) {axe}
 j - a +0 hand axe of freezing {axe}
   (You found it on level 1 of the Dungeon)
Missiles
 f - 18 stones (quivered) {throwing}
Armour
 b - a +0 scale mail (worn)
 c - a +0 buckler (worn)
 e - a +0 pair of gloves (worn)
   (You found it on level 1 of the Dungeon)
Jewellery
 g - an amulet of magic regeneration (around neck) {@e2}
   (You found it on level 1 of the Dungeon)
Scrolls
 l - a scroll of enchant weapon {unknown}
 n - a scroll of teleportation {unknown}
 p - a scroll of identify {unknown}
Potions
 d - 2 potions of might
 h - a potion of degeneration {unknown}
 i - a potion of curing {unknown}
 k - a potion of flight {unknown}
 m - a potion of cancellation {unknown}
 o - a potion of magic {unknown}

Dungeon Overview and Level Annotations

Branches:
Dungeon (2/15) Zot: 10697

Altars:

Annotations:
D:2 Sigmund

#.#.# #...#
#...## ....# ...#
#..# #..# #@.#
##########{.#
#..........)#
#...........#
#...........#
#...........#
#.....).....#
#...........#
######.###.......


There were no monsters in sight!


Message History

You kill the ball python!
No target in view!
No target in view!
No target in view!
No target in view!
No target in view!
No target in view!
No target in view!
No target in view!
No target in view!
No target in view!
You now have 54 gold pieces (gained 12).
You see here a ball python corpse.
Found a stone staircase leading up.
There is a stone staircase leading up here.
d - 2 potions of might (gained 1) Key pressed, stopping explore.
o - a glowing puce potion
p - a scroll labelled QOMAXYNAFE Key pressed, stopping explore.
An adder comes into view.
The adder hisses angrily.
A kobold comes into view. It is wielding a +0 short sword.
The kobold shouts!
The adder barely misses you.
You closely miss the adder. You headbutt the adder.
The adder bites you but does no damage. You block the adder's attack.
You barely miss the adder. Your headbutt misses the adder.
The adder misses you.
You slash the adder! The adder bites you. The adder barely misses you.
The kobold hits you but does no damage. 😕 HP[-1]
You take 1 damage, and now have 27/28 hp.
You barely miss the adder. You headbutt the adder.
You kill the adder!
You hit the kobold.
You kill the kobold!
You have reached level 3!
Your experience leads to an increase in your attributes!
Increase (S)trength, (I)ntelligence, or (D)exterity?
You feel stronger. x2 😕 HP[+6] MP[+1]
You now have 34 max hp (+6).
You regained 6 hp, and now have 33/34 hp.
Your mp is fully restored (2).
Sigmund the Dreaded comes into view.
He is wielding a +0 scythe of protection. 😎 HP[+1]
Your hp is fully restored (34).
Sigmund shouts!
Sigmund casts a spell at you. The magic dart hits you. 😕 HP[-6]
You take 6 damage, and now have 28/34 hp.
Sigmund casts a spell.
Sigmund flickers and vanishes!
Deactivating autopickup; reactivate with Ctrl-A.
You hear some strange, mumbled words.
A puff of flame appears from out of thin air!
The puff of flame hits you. 😮 HP[-3]
You take 3 damage, and now have 25/34 hp.
Something hits you.
You hit something.
You hear some strange, mumbled words.
A puff of flame appears from out of thin air!
The puff of flame hits you but does no damage.
You barely miss something.
You hear some strange, mumbled words.
You are confused.
You bump into the rock wall.
Something hits you. 😮 HP[-2]
You take 2 damage, and now have 23/34 hp.
You bump into the rock wall.
Something hits you. 😮 HP[-1]
You take 1 damage, and now have 22/34 hp.
Something hits you.
* * * LOW HITPOINT WARNING * * *
😨 HP[-5]
You take 5 damage, and now have 17/34 hp.
Something hits you but does no damage.
You see here a +0 dagger {short}.
You feel less confused.
Something hits you but does no damage. 😮 HP[+1]
Something hits you.
* * * LOW HITPOINT WARNING * * *
😨 HP[-4]
You take 4 damage, and now have 14/34 hp.
You closely miss something. Something hits you!
* * * LOW HITPOINT WARNING * * *
😱 HP[-7]
You take 7 damage, and now have 7/34 hp.
MASSIVE DAMAGE!! (PAUSE)
You closely miss something. Your headbutt misses something.
You closely miss something. You headbutt something. Something hits you.
* * * LOW HITPOINT WARNING * * *
😱 HP[-4]
You take 4 damage, and now have 3/34 hp.
You miss something. You headbutt something. Something hits you!
You die...

Skill      XL: |  1 |
---------------+----+-----
Fighting       | 4 |  4.5
Axes           | 3 |  3.6
Armour         | |  3.6
Shields        | |  3.6

Action                   || total
-------------------------++-------
Melee: War axe           ||    52
       Headbutt          ||     9
Armor: Scale mail        ||    28
Dodge: Dodged            ||    26
Block: Buckler           ||    12

Levels and vault maps discovered:
D:1:      noname_arrival_rooms_in_the_neighbourhood, layout_basic
D:2:      layout_basic, uniq_sigmund

Notes
Turn   | Place    | Note
-------+----------+-------------------------------------------
     0 | D:1      | Sanktem7 the Minotaur Fighter began the quest for the Orb.
     0 | D:1      | Reached XP level 1. HP: 19/19 MP: 0/0
     0 | D:1      | magus.rc [v1.9.6]
   251 | D:1      | Reached skill level 4 in Fighting
   371 | D:1      | Reached skill level 3 in Axes
   371 | D:1      | Reached XP level 2. HP: 26/27 MP: 1/1
  1258 | D:2      | Reached XP level 3. HP: 33/34 MP: 2/2
  1263 | D:2      | Noticed Sigmund
  1279 | D:2      | HP: 7/34 [something (7)]
  1281 | D:2      | HP: 3/34 [something (4)]
  1282 | D:2      | Slain by Sigmund

Vanquished Creatures
  2 adders (D:2)
  3 ball pythons
  2 endoplasms (D:1)
  2 giant cockroaches (D:1)
  A goblin (D:2)
  A hobgoblin (D:1)
  A quokka (D:1)
  A kobold (D:2)
  5 rats (D:1)
18 creatures vanquished.

Table legend:
 A = Non-vault XP
 B = Vault XP
 C = Vault XP percentage of total XP
 D = Non-vault monster count
 E = Vault monster count
 F = Vault count percentage of total count
                 A         B        C        D         E       F
            +---------+---------+-------+---------+---------+-------
      Total |      52 |       0 |   0.0 |      18 |       0 |   0.0
            +---------+---------+-------+---------+---------+-------
        D:1 |      19 |       0 |   0.0 |      12 |       0 |   0.0
        D:2 |      33 |       0 |   0.0 |       6 |       0 |   0.0
            +---------+---------+-------+---------+---------+-------

Illustrated notes

Table legend:
 A = Kills in this place as a percentage of kills in entire the game.
 B = Kills by you in this place as a percentage of kills by you in the entire game.
 C = Kills by friends in this place as a percentage of kills by friends in the entire game.
 D = Other kills in this place as a percentage of other kills in the entire game.
 E = Experience gained in this place as a percentage of experience gained in the entire game.
 F = Experience gained in this place divided by the number of levels of this place that you have seen.
                   A       B       C       D       E      F
               +-------+-------+-------+-------+-------+----------------------
         Total | 100.0 | 100.0 |   N/A |   N/A | 100.0 |  26.0
       Dungeon | 100.0 | 100.0 |   N/A |   N/A | 100.0 |  26.0
               +-------+-------+-------+-------+-------+----------------------

Table legend: (Time is in decaauts)
 A = Elapsed time spent in this place.
 B = Non-inter-level travel time spent in this place.
 C = Inter-level travel time spent in this place.
 D = Time resting spent in this place.
 E = Time spent auto-exploring this place.
 F = Levels seen in this place.
 G = Mean time per level.
                   A        B        C        D        E       F      G
               +--------+--------+--------+--------+--------+-----+--------+
         Total |   1301 |   1254 |     47 |      0 |   1088 |   2 |  650.5 |
       Dungeon |   1301 |   1254 |     47 |      0 |   1088 |   2 |  650.5 |
               +--------+--------+--------+--------+--------+-----+--------+

Top non-repeatable levels by time:
     D:1: 853 daAuts
     D:2: 448 daAuts
